 Dungeon Crawl Stone Soup version 0.22-a0-93-g6b88ebb (webtiles) character file.

21 KristoblXynda the Skirmisher (level 2, 0/27 HPs)
             Began as a Draconian Monk on Jan 24, 2018.
             Slain by a kobold
             ... wielding a +0 dagger of electrocution
              (12 damage)
             ... on level 1 of the Dungeon.
             The game lasted 00:00:55 (686 turns).

KristoblXynda the Skirmisher (Draconian Monk)        Turns: 686, Time: 00:00:56

Health: 0/27       AC:  4    Str: 13    XL:     2   Next: 65%
Magic:  2/2        EV: 13    Int: 10    God:
Gold:   33         SH:  0    Dex: 13    Spells: 1/1 levels left

rFire    . . .     SeeInvis .     - Unarmed
rCold    . . .     Gourm    .   (no shield)
rNeg     . . .     Faith    .   (armour unavailable)
rPois    .         Spirit   .   (helmet restricted)
rElec    .         Reflect  .   (no cloak)
rCorr    .         Harm     .   (no gloves)
MR       .....                  (no boots)
Stlth    ++........             (no amulet)
HPRegen  0.09/turn              (no ring)
MPRegen  0.08/turn              (no ring)

@: no status effects
A: unfitting armour, cold-blooded, AC +4
a: no special abilities


You were on level 1 of the Dungeon.
You were not hungry.

You visited 1 branch of the dungeon, and saw 1 of its levels.

You collected 33 gold pieces.

Inventory:

Scrolls
 b - a scroll of amnesia {unknown}
 d - a scroll of magic mapping {unknown}
 e - 2 scrolls of enchant weapon {unknown}
 f - a scroll of teleportation {unknown}
 g - a scroll of identify {unknown}
Potions
 c - a potion of magic {unknown}
Comestibles
 a - 2 rations


   Skills:
 + Level 3.7 Fighting
 + Level 3.0 Dodging
 - Level 1.7 Stealth
 + Level 3.3 Unarmed Combat


You had one spell level left.
You didn't know any spells.

Dungeon Overview and Level Annotations

Branches:
Dungeon (1/15)

Altars:


Innate Abilities, Weirdness & Mutations

Your plain brown scales are hard. (AC +4)
You cannot fit into any form of body armour.
You are cold-blooded and may be slowed by cold attacks.


Message History

You hit the rat.
You kill the rat!
A kobold comes into view.
It is wielding a dagger of electrocution.
The kobold shouts!
A kobold is nearby!
A kobold is nearby!
A kobold is nearby!
Found a scroll labeled PIME MOPRIL.
You barely miss the kobold. You hit the kobold but do no damage.
The kobold completely misses you.
You hit the kobold but do no damage.
The kobold hits you with a dagger of electrocution.
You closely miss the kobold. The kobold barely misses you.
You closely miss the kobold. The kobold hits you but does no damage.
You are electrocuted!
You barely miss the kobold. The kobold barely misses you.
You closely miss the kobold.
The kobold hits you with a dagger of electrocution.
You are electrocuted!
You die...

## ### #.#
.##### # #.#
...... #.
#.# ..##..
#.####.#
...#
#..##......#
.>.#
........####
##.#
...###.#...#
...# #.#.#.#
.# # ....#@#
..
.#.###K....#
. ..#.
...##.# .#
## ..... #.
#..##.. #..
... ##. ?#..
## ##..#


You could see a kobold.

Vanquished Creatures
  A leopard gecko (D:1)
  A giant cockroach (D:1)
  2 goblins (D:1)
  3 hobgoblins (D:1)
  4 jackals (D:1)
  2 frilled lizards (D:1)
  3 kobolds (D:1)
  3 rats (D:1)
19 creatures vanquished.

Notes
Turn   | Place    | Note
-------+----------+-------------------------------------------
     0 | D:1      | KristoblXynda the Draconian Monk began the quest for the Orb.
     0 | D:1      | Reached XP level 1. HP: 19/19 MP: 1/1
   302 | D:1      | Reached XP level 2. HP: 26/26 MP: 2/2
   686 | D:1      | Slain by a kobold

Vault maps used:
D:1:      dpeg_arrival_morbid_curiosity, minivault_24, minmay_tromino_v2

Skill      XL: |  1  2 |
---------------+-------+-----
Dodging        | 3 |  3.0
Fighting       | |  3.7
Stealth        | |  1.7
Unarmed Combat | |  3.3

Action                   || total
-------------------------++-------
Melee: Unarmed           ||    75
       Tailslap          ||     2
       Punch             ||     1
 Stab: Sleeping          ||     2
Armor: Skin              ||    16
Dodge: Dodged            ||    48

Table legend:
 A = Spawn XP
 B = Non-spawn XP
 C = Spawn XP percentage of total XP
 D = Spawn monster count
 E = Non-spawn monster count
 F = Spawn count percentage of total count
 G = Total turns spent on level
                    A         B        C        D         E        F      G
               +---------+---------+-------+---------+---------+-------+---------
         Total |       0 |      31 |   0.0 |       0 |      19 |   0.0 |   686
               +---------+---------+-------+---------+---------+-------+---------
           D:1 |       0 |      31 |   0.0 |       0 |      19 |   0.0 |   686
               +---------+---------+-------+---------+---------+-------+---------
